Map: Romanticide LE

Players

Scarlett - Winner!

  • Race: Zerg Zerg

MaSa

  • Race: Terran Terran

Event: DreamHack SC2 Masters 2021 Summer

VOD

Have the link to the VOD?

Description

Time

  • Played on: May 25, 2021, 4:48 p.m.
  • Length: 13:07

All games in this series

Show
View Real Time Build Order
Export as new Build Order

Scarlett Zerg - Winner!

Build Orders: Pool First, Muta Ling Bane 

Get SALT Encoding   

  12  0:00  Drone  
  13  0:08  Drone  
  13  0:14  Extractor, Drone  
  14  0:31  Spawning Pool  
  14  0:35  Drone  
  14  0:42  Overlord  
  14  0:49  Extractor  
  13  0:50  Drone  
  15  1:01  Drone  
  16  1:18  Metabolic Boost, Zergling x6  
  19  1:25  Queen  
  21  1:38  Zergling x2  
  22  1:49  Hatchery  
  21  1:56  Overlord  
  21  2:02  Zergling x2  
  22  2:15  Zergling x4  
  24  2:26  Zergling x2  
  25  2:37  Zergling x6  
  25  2:43  Zergling x2  
  28  2:47  Queen  
  28  3:03  Drone x3  
  31  3:12  Drone x2  
  35  3:17  Overlord  
  35  3:18  Drone  
  36  3:20  Drone  
  36  3:24  Drone  
  36  3:35  Hatchery  
  36  3:36  Drone x3  
  38  3:48  Drone  
  39  3:49  Drone  
  39  3:52  Overlord  
  39  3:53  Queen  
  42  3:58  Drone x2  
  44  4:11  Drone x6  
  50  4:18  Drone  
  50  4:22  Overlord  
  51  4:31  Queen  
  49  4:40  Drone x6  
  55  4:46  Extractor, Drone x3  
  55  4:47  Queen  
  55  4:50  Spore Crawler  
  58  4:54  Spore Crawler, Baneling Nest  
  58  5:01  Overlord  
  58  5:04  Drone x2  
  58  5:08  Lair  
  58  5:16  Spore Crawler  
  58  5:20  Drone, Overlord  
  58  5:21  Drone x6  
  64  5:28  Queen  
  64  5:30  Overlord  
  66  5:39  Drone x6, Baneling x4  
  71  5:46  Overlord  
  71  5:47  Drone x2  
  71  5:49  Drone x2  
  77  5:50  Drone x2  
  77  5:54  Drone x3  
  80  6:02  Extractor x2  
  77  6:05  Zergling x14  
  77  6:07  Baneling x2  
  77  6:08  Overseer  
  84  6:15  Drone x5  
  89  6:18  Spire  
  89  6:23  Drone x2  
  89  6:24  Overlord x2  
  90  6:26  Extractor  
  90  6:27  Extractor  
  90  6:28  Overlord  
  88  6:39  Overlord  
  88  6:41  Drone x2, Centrifical Hooks  
  90  6:49  Drone x7  
  97  6:57  Zergling x10  
  97  6:59  Evolution Chamber  
  97  7:00  Evolution Chamber  
  100  7:02  Zergling x2  
  100  7:04  Hatchery  
  100  7:12  Zergling x16  
  107  7:29  Mutalisk  
  107  7:30  Mutalisk x6  
  121  7:46  Zerg Melee Weapons Level 1  
  121  7:47  Zerg Ground Armor Level 1  
  121  7:49  Drone  
  122  7:53  Overlord x4  
  122  7:54  Zerg Flyer Weapons Level 1  
  122  7:56  Pneumatized Carapace, Overseer  
  116  8:08  Mutalisk x2  
  117  8:13  Zergling x2  
  117  8:14  Zergling x18  
  121  8:26  Mutalisk  
  115  8:27  Hatchery  
  115  8:28  Zergling x18  
  115  8:29  Infestation Pit  
  115  8:31  Extractor  
  119  8:35  Extractor  
  119  8:38  Mutalisk x2  
  119  8:40  Drone x4  
  126  8:44  Baneling x3  
  126  8:45  Baneling x4  
  126  8:47  Zergling x2  
  126  8:48  Zergling x6  
  130  8:50  Drone x2  
  132  9:02  Drone x5  
  137  9:07  Hive  
  137  9:10  Hatchery, Mutalisk  
  137  9:11  Mutalisk x2  
  137  9:14  Drone  
  137  9:15  Drone x5  
  137  9:16  Zergling x8  
  152  9:23  Zergling x4  
  153  9:24  Baneling x6  
  146  9:40  Drone  
  146  9:41  Drone x9  
  146  9:43  Zerg Ground Armor Level 2, Zerg Melee Weapons Level 2  
  156  9:45  Extractor  
  156  9:46  Zergling x14  
  156  9:48  Extractor  
  161  9:56  Zergling x8  
  161  9:57  Overlord  
  161  9:58  Hatchery  
  164  10:00  Zerg Flyer Armor Level 1  
  164  10:05  Overlord  
  159  10:14  Mutalisk x3  
  159  10:19  Adrenal Glands  
  159  10:20  Ultralisk Cavern, Zergling x20  
  174  10:27  Baneling x11  
  174  10:29  Zergling x12  
  177  10:48  Zergling x30  
  161  11:06  Chitinous Plating  
  161  11:08  Zergling x30  
  168  11:11  Baneling x22  
  168  11:12  Baneling x3  
  168  11:15  Overseer  
  168  11:20  Zergling x4  
  168  11:21  Zergling x16  
  177  11:28  Zergling x6  
  178  11:34  Zergling x2  
  178  11:35  Zergling x4  
  173  11:44  Zergling x2, Ultralisk  
  173  11:45  Zergling x12, Ultralisk x2  
  172  11:52  Zergling x12  
  166  11:56  Zergling x2  
  166  11:57  Zergling x2  
  164  12:07  Zergling x14  
  164  12:13  Mutalisk x4  
  165  12:19  Zergling x8  
  164  12:32  Baneling x7  
  164  12:33  Baneling x3  
  164  12:37  Zergling x16  
  172  12:46  Overlord x2  
  172  12:47  Overseer  
  172  12:50  Overseer  
Show
View Real Time Build Order
Export as new Build Order

MaSa Terran 

Build Orders: Reaper Expand 

Get SALT Encoding   

  12  0:00  SCV  
  13  0:12  SCV  
  14  0:17  Supply Depot  
  14  0:24  SCV  
  15  0:38  SCV  
  15  0:40  Barracks  
  15  0:42  Refinery  
  16  0:50  SCV  
  17  1:03  SCV  
  18  1:15  SCV  
  19  1:27  Reaper, Orbital Command  
  20  1:37  Command Center  
  20  1:47  Supply Depot  
  20  1:53  SCV  
  21  1:59  Marine  
  22  2:05  SCV  
  23  2:10  Factory  
  23  2:17  Marine  
  24  2:28  SCV  
  25  2:40  Barracks Tech Lab  
  21  2:47  SCV  
  21  2:51  Command Center  
  22  3:00  SCV  
  22  3:02  Hellion  
  22  3:04  Marine  
  26  3:17  Command Center  
  26  3:19  SCV  
  27  3:26  Hellion  
  29  3:31  SCV  
  29  3:32  Barracks Reactor  
  30  3:40  Starport  
  30  3:44  SCV  
  31  3:49  Refinery  
  32  4:02  Orbital Command, SCV  
  32  4:14  Hellion x2  
  32  4:15  SCV  
  37  4:17  Viking  
  37  4:20  Marine  
  40  4:27  SCV  
  41  4:35  Hellion x2  
  41  4:38  Stimpack  
  40  4:39  SCV  
  40  4:44  Orbital Command  
  41  4:45  SCV  
  41  4:48  Starport Reactor  
  41  4:51  SCV  
  43  4:58  Barracks  
  43  5:01  Orbital Command  
  43  5:06  Barracks  
  44  5:11  Factory Tech Lab, SCV  
  44  5:13  SCV  
  45  5:14  Marine  
  46  5:23  SCV  
  46  5:26  SCV x2  
  49  5:30  Siege Tank  
  49  5:34  Starport Reactor  
  52  5:36  SCV  
  52  5:37  Supply Depot  
  52  5:39  SCV  
  52  5:40  Engineering Bay  
  54  5:45  SCV  
  54  5:46  Engineering Bay  
  54  5:48  SCV  
  56  5:52  Refinery  
  56  5:53  SCV  
  56  5:54  Refinery, Marine  
  58  5:58  SCV  
  58  6:00  SCV, Supply Depot  
  58  6:01  Marine  
  61  6:05  Marine x3  
  61  6:08  SCV  
  61  6:10  SCV  
  66  6:12  SCV  
  67  6:19  Orbital Command  
  67  6:20  SCV, Terran Infantry Weapons Level 1  
  67  6:21  Terran Infantry Armor Level 1  
  68  6:26  Barracks, Marine  
  68  6:27  Marine  
  68  6:28  Marine  
  68  6:31  Barracks  
  71  6:37  SCV x2  
  71  6:39  Supply Depot  
  73  6:41  Supply Depot  
  73  6:43  Marine, Siege Tank  
  77  6:55  Supply Depot  
  77  7:00  SCV x3, Marine x3, Medivac  
  85  7:03  Marine, Medivac  
  88  7:08  Supply Depot  
  88  7:12  SCV x2  
  88  7:14  Marine  
  91  7:18  Barracks Reactor x2, Supply Depot  
  91  7:19  SCV  
  91  7:21  Marine  
  93  7:28  SCV, Bunker  
  94  7:30  Supply Depot  
  94  7:31  Combat Shield  
  94  7:37  Marine x2  
  94  7:41  Marine x2  
  94  7:42  Marine  
  94  7:43  Siege Tank  
  96  7:50  SCV x3  
  97  7:51  Armory  
  97  7:55  Marine x2  
  97  7:56  Supply Depot  
  97  7:57  Marine x2  
  101  7:59  Marine x3  
  100  8:08  Marine  
  100  8:09  Marine  
  92  8:13  Marine x2  
  92  8:15  Marine x2  
  92  8:16  Medivac x2  
  92  8:17  Marine x3  
  89  8:26  SCV x3, Marine  
  87  8:27  Marine  
  87  8:30  Marine x2  
  87  8:33  Marine x2  
  88  8:35  Marine x3  
  88  8:38  Supply Depot  
  88  8:40  Barracks, Missile Turret  
  88  8:41  Barracks  
  91  8:42  Terran Infantry Armor Level 2  
  91  8:44  Marine  
  91  8:45  Terran Infantry Weapons Level 2  
  91  8:46  Marine  
  93  8:48  Marine  
  93  8:49  Siege Tank  
  93  8:50  SCV, Marine  
  93  8:53  SCV x2  
  99  9:02  SCV, Marine x5  
  100  9:05  SCV x2, Medivac  
  100  9:07  Medivac  
  108  9:10  Marine  
  108  9:11  Marine  
  108  9:12  Supply Depot  
  108  9:13  Marauder  
  108  9:15  Marine  
  113  9:20  Marine x2  
  114  9:26  Siege Tank  
  114  9:28  Marine x2  
  114  9:29  Refinery, Marine  
  114  9:30  Marine, Supply Depot  
  121  9:34  Medivac  
  121  9:37  Medivac  
  124  9:41  SCV  
  124  9:42  Marine x3  
  124  9:43  Marine  
  126  9:47  Marauder, Marine x5  
  126  9:48  Marine  
  126  9:52  Missile Turret  
  134  10:00  Marine x3  
  134  10:01  Supply Depot  
  134  10:02  Marine  
  134  10:04  Medivac  
  134  10:05  Marine x2  
  142  10:07  Medivac  
  140  10:14  Marine x4  
  140  10:15  Marauder, Siege Tank  
  140  10:18  Marine x3  
  152  10:33  Marine x3  
  152  10:34  Medivac  
  152  10:35  Marine x2  
  159  10:36  Marauder  
  159  10:38  Medivac  
  163  10:43  Marine x2  
  163  10:44  Marine  
  163  10:49  SCV x3  
  156  10:57  Marauder  
  156  10:59  Marine  
  156  11:00  Marine  
  156  11:01  Marine x4  
  143  11:04  Medivac  
  143  11:07  Marine x4  
  145  11:12  Siege Tank  
  145  11:16  Marine, Concussive Shells  
  145  11:18  Marine x4  
  150  11:19  Marauder  
  150  11:25  Marine x5  
  158  11:33  Medivac  
  158  11:34  Marine  
  158  11:36  Marine x4  
  162  11:40  Marauder  
  162  11:43  Marine x4  
  142  11:48  Medivac  
  142  11:49  Marine  
  142  11:52  Marine  
  142  11:53  Marine  
  130  11:54  Marine x3  
  130  12:01  Marine x4  
  121  12:02  Marauder  
  121  12:03  Medivac  
  121  12:07  Marine  
  125  12:10  Marine  
  125  12:11  Marine  
  125  12:12  Marine x3  
  115  12:17  Liberator  
  115  12:18  Marine  
  115  12:19  Marine x3  
  113  12:22  Marine  
  113  12:25  Marine  
  113  12:28  Marine  
  113  12:29  Marine  
  116  12:30  Marine x3  
  116  12:32  Siege Tank  
  116  12:33  Medivac  
  116  12:36  Marine x2  
  116  12:37  Marine x2  
  126  12:41  Marauder  
  126  12:43  Marine  
  131  12:46  Marine  
  131  12:47  Marine x4  
Tags
 
Add a new tag
Caveats
  • Supply blocks, unpowered buildings, or Contaminate may cause inaccurate times.
  • Supply counts are checked every 10 seconds.